 Dungeon Crawl Stone Soup version 0.27.1-33-g824d729ab1 (webtiles) character file.

Game seed: 15243452488086851152

131 potato4science the Sneak (level 5, 0/34 HPs)
             Began as an Octopode Hedge Wizard on Dec 22, 2021.
             Slain by Natasha (1 damage)
             ... on level 2 of the Dungeon.
             The game lasted 00:07:56 (3205 turns).

potato4science the Sneak (Octopode Hedge Wizard)    Turns: 3205, Time: 00:07:57

Health: 0/34       AC:  1    Str:  9    XL:     5   Next: 14%
Magic:  9/9        EV: 13    Int: 18    God:
Gold:   60         SH:  0    Dex: 11    Spells: 5/10 levels left

rFire    . . .     SeeInvis .   a - +0 dagger
rCold    . . .     Faith    .   (no shield)
rNeg     . . .     Spirit   .   b - +0 hat
rPois    .         Reflect  .   (no amulet)
rElec    .         Harm     .   (no ring)
rCorr    .         Rampage  .   (no ring)
Will     .....                  (no ring)
Stlth    +++.......             (no ring)
HPRegen  0.11/turn              (no ring)
MPRegen  0.11/turn              (no ring)
                                (no ring)
                                (no ring)

@: no status effects
A: almost no armour, amphibious, 8 rings, camouflage 1, gelatinous body 1,
(nimble swimmer 1), tentacles
a: no special abilities


You were on level 2 of the Dungeon.
You visited 1 branch of the dungeon, and saw 2 of its levels.

You collected 60 gold pieces.

Inventory:

Hand Weapons
 a - a +0 dagger (weapon)
Armour
 b - a +0 hat (worn)
Scrolls
 c - a scroll of immolation {unknown}
 d - a scroll of fog {unknown}
 e - a scroll of magic mapping {unknown}
 g - a scroll of amnesia {unknown}
 j - a scroll of teleportation {unknown}
Potions
 f - a potion of ambrosia {unknown}
 h - a potion of flight {unknown}
 i - a potion of mutation {unknown}


   Skills:
 - Level 2.0 Fighting
 - Level 2.0 Short Blades
 - Level 2.0 Dodging
 + Level 4.3 Stealth
 - Level 3.0 Spellcasting
 - Level 2.0 Conjurations
 - Level 1.0 Summonings
 - Level 2.0 Translocations


You had 5 spell levels left.
You knew the following spells:

 Your Spells              Type           Power      Damage    Failure   Level
a - Magic Dart            Conj           36%        1d4       7%          1
b - Blink                 Tloc           N/A        N/A       11%         2
c - Searing Ray           Conj           18%        3d3       11%         2

Your spell library contained the following spells:

 Spells                   Type           Power      Damage    Failure   Level
 Call Imp                 Summ           6%         N/A       16%         2
 Slow                     Hex            2%         N/A       24%         2
 Conjure Flame            Conj/Fire      6%         6-21      32%         3
 Mephitic Cloud           Conj/Pois/Air  5%         N/A       36%         3
 Fulminant Prism          Conj/Hex       3%         3d6       71%         4


Dungeon Overview and Level Annotations

Branches:
Dungeon (2/15)

Altars:
Zin

Annotations:
D:2 Natasha


Innate Abilities, Weirdness & Mutations

You cannot wear most types of armour.
You are amphibious.
You can wear up to eight rings at the same time.
Your skin changes colour to match your surroundings (Stealth+).
Your rubbery body absorbs attacks. (AC +1, EV +1)
((You are camouflaged near water. (Stealth+)))
You have tentacles for arms and can constrict up to eight enemies at once.


Message History

You constrict Natasha, but do no damage.
Natasha claws you.
You hit Natasha.
Natasha is lightly wounded.
You constrict Natasha. Natasha misses you.
You hit Natasha but do no damage.
Natasha is moderately wounded.
You constrict Natasha, but do no damage.
Natasha stares at you and mumbles some strange words.
You resist with some effort.
You hit Natasha but do no damage.
Natasha is moderately wounded.
You constrict Natasha. You hit Natasha but do no damage. You squeeze Natasha.
Natasha is heavily wounded.
You constrict Natasha. Natasha claws you!
* * * LOW HITPOINT WARNING * * *
You hit Natasha.
Natasha is severely wounded.
You constrict Natasha.
Natasha drinks a potion.
Natasha is healed!
The crimson imp blinks!
You hit Natasha.
Natasha is lightly wounded.
You constrict Natasha.
Natasha howls an incantation.
You feel disoriented. Natasha claws you.
* * * LOW HITPOINT WARNING * * *
You hit Natasha but do no damage.
Natasha is lightly wounded.
You constrict Natasha. Natasha closely misses you.
You hit Natasha but do no damage. Your squeeze misses Natasha.
Natasha is moderately wounded.
You constrict Natasha. Natasha claws you.
* * * LOW HITPOINT WARNING * * *
Unknown command.
You hit Natasha but do no damage.
Natasha is heavily wounded.
You constrict Natasha. Natasha claws you.
You die...

###.###(###.#
#.####.#.####*,***,
............# #.#....#.# *,* *,
###.###.###.# #....###.# *,* *,
###.#...# #.###>....##.##***,*
*,
.>..#.#####.##...........,,,,*
*,
###.........#...<......##***,*
*, #
#.#.########...........,,*,***,
# #.#.# ##.....#####*,*,**,, #
#.#.# ##@..## *,*,**,, # #.#.#
##h## *,*,**,, # #.#.# *#5#**
*,*,,,,, # #.#.# **...,**
*)*,,,,, ###.#.#
*,....,*****,,,,,,, ......#
*,.....,,,,,,,,,*,, ###.###
*,,._..#******,**,, # #.#
**,....# *,**,, # #.# *,,,,,*
*,,**,


You could see Natasha and a crimson imp (summoned).

Vanquished Creatures
  Natasha (twice) (D:2)
  Terence (D:2)
  2 adders (D:2)
  2 worms (D:2)
  A dart slug (D:1)
  2 endoplasms (D:1)
  3 goblins
  3 hobgoblins (D:1)
  2 jackals (D:1)
  2 quokkas (D:2)
  4 ball pythons (D:1)
  3 bats
  4 frilled lizards (D:1)
  2 kobolds (D:1)
  2 rats (D:1)
35 creatures vanquished.

Notes
Turn   | Place    | Note
-------+----------+-------------------------------------------
     0 | D:1      | potato4science the Octopode Hedge Wizard began the quest
                  | for the Orb.
     0 | D:1      | Reached XP level 1. HP: 11/11 MP: 4/4
   156 | D:1      | Reached skill level 1 in Fighting
   497 | D:1      | Reached skill level 1 in Short Blades
   497 | D:1      | Reached XP level 2. HP: 18/18 MP: 3/6
   603 | D:1      | Reached skill level 3 in Stealth
  1358 | D:1      | Reached XP level 3. HP: 23/23 MP: 5/7
  1497 | D:2      | Found a glowing silver altar of Zin.
  1575 | D:2      | Noticed Terence
  1606 | D:2      | Killed Terence
  1830 | D:2      | Found a faded altar of an unknown god.
  1915 | D:2      | Reached XP level 4. HP: 9/29 MP: 8/8
  2420 | D:2      | Noticed Natasha
  2429 | D:2      | Killed Natasha
  2430 | D:2      | Reached skill level 4 in Stealth
  2446 | D:2      | Learned a level 2 spell: Blink
  2449 | D:2      | Learned a level 2 spell: Searing Ray
  2663 | D:2      | Noticed Natasha
  2670 | D:2      | Killed Natasha
  2671 | D:2      | Reached XP level 5. HP: 27/34 MP: 9/9
  3190 | D:2      | Noticed Natasha
  3191 | D:2      | Found a glowing silver altar of Zin.
  3204 | D:2      | HP: 1/34 [Natasha (6)]
  3205 | D:2      | Slain by Natasha

Illustrated notes

Levels and vault maps discovered:
D:1:      co_arrival_random_square_maze, layout_rooms
D:2:      layout_loops_ring, shapermc_ecumenical_altar_flowoftime, basic_altar,
          corexii_corridor_pit, grunt_decor_clamped, uniq_natasha, uniq_terence

Skill      XL: |  1  2  3  4 |
---------------+-------------+-----
Fighting       | 1 2 |  2.0
Short Blades   | 1 2 |  2.0
Stealth        | 3 4 |  4.3
Conjurations   | 2 |  2.0
Translocations | 2 |  2.0
Dodging        | |  2.0
Spellcasting   | |  3.0
Summonings     | |  1.0

Action                   |  1- 3 |  4- 6 || total
-------------------------+-------+-------++-------
Melee: Dagger            |    66 |    31 ||    97
       Constrict         |    16 |     5 ||    21
       Tentacles         |    13 |     8 ||    21
 Cast: Magic Dart        |    18 |     9 ||    27
 Stab: Sleeping          |     3 |     1 ||     4
       Distracted        |       |     1 ||     1
Armor: Skin              |     3 |       ||     3
Dodge: Dodged            |    36 |     7 ||    43
